Map: [ESL] Inside and Out

Players

ShoWTimE

  • Race: Protoss Protoss
  • Spawn Location: 7:00

llllllllllll (herO) - Winner!

  • Race: Protoss Protoss
  • League: Master
  • Spawn Location: 1:00

VOD

Have the link to the VOD?

Description

Time

  • Played on: Oct. 22, 2022, 9:43 a.m.
  • Length: 10:19
Show
View Real Time Build Order
Export as new Build Order

ShoWTimE Protoss 

Build Orders: Oracle Opening 

Get SALT Encoding   

  12  0:00  Probe  
  13  0:12  Probe  
  14  0:17  Pylon  
  14  0:24  Probe (Chrono Boost)  
  15  0:37  Gateway, Probe (Chrono Boost)  
  16  0:45  Probe (Chrono Boost)  
  16  0:46  Assimilator  
  17  0:51  Probe  
  18  1:03  Probe  
  19  1:04  Assimilator  
  19  1:05  Pylon  
  19  1:15  Probe (Chrono Boost)  
  21  1:25  Cybernetics Core  
  21  1:26  Probe (Chrono Boost)  
  21  1:30  Probe (Chrono Boost)  
  22  1:35  Zealot  
  24  1:41  Probe  
  25  1:53  Probe  
  26  2:02  Stargate  
  26  2:04  Pylon  
  26  2:06  Adept  
  27  2:15  Warp Gate  
  27  2:42  Nexus  
  27  2:50  Oracle (Chrono Boost)  
  30  3:05  Stalker  
  31  3:14  Shield Battery  
  31  3:17  Pylon  
  31  3:38  Void Ray (Chrono Boost)  
  35  3:41  Shield Battery  
  35  3:49  Probe (Chrono Boost)  
  36  3:56  Probe (Chrono Boost)  
  38  4:04  Stalker  
  38  4:07  Probe x2 (Chrono Boost)  
  41  4:12  Probe (Chrono Boost)  
  41  4:13  Probe (Chrono Boost)  
  43  4:22  Probe (Chrono Boost)  
  44  4:24  Twilight Council  
  44  4:26  Probe (Chrono Boost)  
  43  4:35  Probe (Chrono Boost), Gateway  
  45  4:43  Probe x2 (Chrono Boost)  
  46  4:46  Gateway  
  46  4:49  Probe x2  
  48  4:56  Pylon  
  48  5:01  Probe x2, Blink (Chrono Boost)  
  48  5:04  Stalker  
  52  5:13  Probe  
  52  5:14  Pylon  
  53  5:15  Probe  
  54  5:24  Pylon  
  54  5:25  Probe  
  55  5:29  Stalker x2  
  55  5:32  Probe  
  56  5:42  Stalker  
  58  5:46  Shield Battery  
  58  5:53  Stalker x2  
  56  5:59  Shield Battery  
  56  6:00  Probe  
  51  6:05  Stalker  
  51  6:14  Probe  
  51  6:17  Stalker x2  
  56  6:26  Probe x2  
  56  6:31  Stalker  
  60  6:33  Pylon  
  60  6:39  Nexus  
  60  6:40  Stalker  
  60  6:43  Stalker  
  60  6:46  Probe x2  
  66  6:56  Forge, Assimilator  
  66  6:58  Probe  
  66  6:59  Stalker  
  70  7:01  Probe  
  70  7:06  Stalker  
  72  7:10  Probe  
  72  7:13  Probe  
  72  7:14  Stalker  
  76  7:22  Probe  
  77  7:23  Protoss Ground Weapons Level 1 (Chrono Boost)  
  77  7:25  Probe  
  77  7:26  Stalker  
  80  7:33  Stalker  
  80  7:34  Probe  
  83  7:37  Probe  
  82  7:46  Probe, Stalker  
  82  7:49  Probe  
  82  7:52  Stalker  
  82  7:53  Probe  
  82  7:54  Photon Cannon  
  85  7:58  Probe  
  85  8:01  Probe  
  87  8:07  Stalker  
  87  8:14  Probe  
  87  8:17  Photon Cannon  
  88  8:22  Probe x2  
  88  8:25  Shield Battery  
  90  8:27  Probe, Stalker  
  90  8:33  Robotics Facility  
  90  8:34  Charge, Probe, Pylon  
  93  8:37  Assimilator  
  93  8:40  Pylon  
  94  8:46  Stalker x2  
  98  8:54  Assimilator  
  97  8:56  Gateway  
  97  9:00  Gateway  
  97  9:06  Gateway  
  97  9:07  Gateway  
  97  9:09  Stalker x2  
  101  9:14  Stalker  
  101  9:16  Pylon  
  103  9:21  Immortal (Chrono Boost)  
  101  9:31  Shield Battery  
  105  9:35  Stalker x2  
  99  9:50  Stalker  
  87  10:03  Stalker x6  
Show
View Real Time Build Order
Export as new Build Order

llllllllllll Protoss - Winner!

Build Orders:  

Get SALT Encoding   

  12  0:00  Probe  
  13  0:12  Probe  
  14  0:17  Pylon  
  14  0:24  Probe  
  15  0:35  Gateway  
  15  0:37  Probe (Chrono Boost)  
  16  0:44  Assimilator  
  16  0:49  Probe (Chrono Boost)  
  17  0:53  Probe (Chrono Boost)  
  18  1:03  Probe  
  19  1:16  Probe  
  20  1:20  Pylon  
  20  1:22  Cybernetics Core  
  20  1:24  Zealot  
  22  1:28  Probe  
  23  1:33  Assimilator  
  23  1:40  Probe  
  24  1:52  Probe  
  25  1:56  Stalker (Chrono Boost)  
  25  2:00  Warp Gate (Chrono Boost)  
  27  2:04  Probe  
  28  2:17  Probe  
  28  2:18  Stalker  
  31  2:29  Nexus  
  31  2:39  Pylon  
  30  2:44  Shield Battery  
  30  2:51  Stalker  
  31  3:00  Gateway  
  31  3:02  Probe  
  31  3:15  Probe  
  34  3:28  Probe  
  32  3:40  Probe  
  33  3:41  Stalker  
  33  3:45  Probe  
  35  3:52  Probe  
  36  3:57  Probe, Stalker  
  39  4:04  Probe  
  39  4:06  Stalker  
  39  4:09  Probe, Pylon  
  43  4:14  Twilight Council  
  43  4:18  Probe  
  43  4:22  Probe  
  44  4:26  Stalker  
  44  4:28  Shield Battery  
  46  4:32  Stalker  
  46  4:34  Probe (Chrono Boost)  
  46  4:36  Probe (Chrono Boost)  
  52  4:46  Probe (Chrono Boost), Blink (Chrono Boost)  
  52  4:47  Probe (Chrono Boost)  
  52  4:51  Probe (Chrono Boost)  
  52  4:52  Probe (Chrono Boost)  
  53  4:56  Adept x2  
  58  5:01  Probe  
  58  5:02  Probe  
  60  5:09  Robotics Facility  
  60  5:13  Pylon  
  60  5:16  Probe  
  60  5:17  Probe  
  61  5:29  Probe  
  61  5:31  Probe  
  61  5:34  Stalker x2  
  63  5:43  Probe x2  
  57  5:58  Stalker x2  
  59  6:04  Probe x2  
  59  6:07  Warp Prism (Chrono Boost)  
  59  6:18  Assimilator  
  59  6:19  Assimilator  
  59  6:22  Dark Shrine  
  59  6:26  Stalker  
  59  6:27  Stalker  
  63  6:41  Pylon  
  63  6:45  Pylon  
  63  6:57  Immortal (Chrono Boost)  
  67  7:03  Stalker x2  
  67  7:04  Shield Battery  
  71  7:13  Nexus  
  71  7:16  Pylon  
  71  7:27  Immortal (Chrono Boost)  
  71  7:28  Probe x2  
  77  7:30  Pylon  
  75  7:49  Dark Templar x2  
  75  7:50  Probe x2  
  81  8:00  Gateway  
  81  8:02  Gateway  
  81  8:03  Immortal (Chrono Boost), Probe x2  
  85  8:14  Gateway  
  85  8:15  Gateway  
  85  8:22  Charge (Chrono Boost), Stalker x2  
  85  8:25  Shield Battery  
  89  8:37  Immortal (Chrono Boost)  
  93  8:45  Pylon  
  93  8:49  Stalker x2  
  97  9:00  Stalker x2  
  99  9:09  Dark Templar x2, Observer  
  104  9:17  Assimilator  
  104  9:20  Assimilator  
  104  9:24  Stalker x4  
  104  9:30  Observer  
  109  9:44  Stalker x2  
  111  9:47  Stalker x2  
  111  9:48  Stalker  
Tags
 
Add a new tag
Caveats
  • Supply blocks, unpowered buildings, or Contaminate may cause inaccurate times.
  • Supply counts are checked every 10 seconds.